 Dungeon Crawl Stone Soup version 0.28-a0-1152-g9c71ebef14 (webtiles) character file.

Game seed: 1910464525513728928

114 Redcow54321 the Slasher (level 4, -4/31 HPs)
             Began as an Octopode Fighter on Dec 14, 2021.
             Slain by an ice beast (12 damage)
             ... on level 3 of the Dungeon.
             The game lasted 00:03:48 (3640 turns).

Redcow54321 the Slasher (Octopode Fighter)          Turns: 3640, Time: 00:03:49

Health: -4/31      AC:  1    Str: 17    XL:     4   Next: 97%
Magic:  4/4        EV: 13    Int: 10    God:
Gold:   82         SH:  4    Dex: 11    Spells: 3/3 levels left

rFire   . . .      SeeInvis .   a - +0 long sword
rCold   . . .      Faith    .   b - +0 buckler
rNeg    . . .      Spirit   .   (helmet restricted)
rPois   .          Reflect  .   (no amulet)
rElec   .          Harm     .   (no ring)
rCorr   .          Rampage  .   (no ring)
Will    .....                   (no ring)
Stlth   +++.......              (no ring)
HPRegen 0.10/turn               (no ring)
MPRegen 0.09/turn               (no ring)
                                (no ring)
                                (no ring)

@: no status effects
A: almost no armour, amphibious, 8 rings, camouflage 1, gelatinous body 1,
(nimble swimmer 1), tentacles
a: no special abilities


You were on level 3 of the Dungeon.
You visited 1 branch of the dungeon, and saw 3 of its levels.

You collected 82 gold pieces.

Inventory:

Hand Weapons
 a - a +0 long sword (weapon)
 h - a +0 dagger
Missiles
 f - a throwing net (quivered)
Armour
 b - a +0 buckler (worn)
Jewellery
 d - a ring of wizardry
 l - a +6 ring of dexterity
 q - an amulet of faith
Scrolls
 e - 2 scrolls of vulnerability {unknown}
 g - a scroll of acquirement {unknown}
 i - a scroll of magic mapping {unknown}
 k - a scroll of amnesia {unknown}
 m - a scroll of teleportation {unknown}
 n - a scroll of identify {unknown}
 p - a scroll of enchant armour {unknown}
Potions
 c - a potion of might
 j - a potion of heal wounds {unknown}
 o - a potion of invisibility {unknown}


   Skills:
 - Level 3.0 Fighting
 * Level 4.5 Long Blades
 - Level 3.0 Dodging
 + Level 2.4 Stealth
 - Level 3.0 Shields


You had 3 spell levels left.
You didn't know any spells.
Your spell library contained the following spells:

 Spells                   Type           Power      Damage    Failure   Level
 Ignite Poison            Fire/Tmut/Pois 0%         N/A       77%         3
 Mephitic Cloud           Conj/Pois/Air  0%         N/A       77%         3
 Freezing Cloud           Conj/Ice/Air   0%         6-21      100%        5


Dungeon Overview and Level Annotations

Branches:
Dungeon (3/15)

Altars:


Innate Abilities, Weirdness & Mutations

You cannot wear most types of armour.
You are amphibious.
You can wear up to eight rings at the same time.
Your skin changes colour to match your surroundings (Stealth+).
Your rubbery body absorbs attacks. (AC +1, EV +1)
((You are camouflaged near water. (Stealth+)))
You have tentacles for arms and can constrict up to eight enemies at once.


Message History

You hit the frilled lizard.
You kill the frilled lizard!
An ice beast comes into view.
An ice beast is nearby!
An ice beast is nearby!
An ice beast is nearby!
Found a falchion.
You hit the ice beast. Your squeeze misses the ice beast.
The ice beast is moderately wounded.
The ice beast hits you. The ice beast freezes you!
You slash the ice beast!
The ice beast is heavily wounded.
The ice beast misses you.
You hit the ice beast.
The ice beast is heavily wounded.
The ice beast barely misses you.
You hit the ice beast but do no damage.
The ice beast is heavily wounded.
The ice beast misses you.
You barely miss the ice beast. Your squeeze misses the ice beast.
The ice beast is heavily wounded.
The ice beast barely misses you. x2
You closely miss the ice beast. Your squeeze misses the ice beast.
The ice beast is heavily wounded.
You block the ice beast's attack.
You hit the ice beast but do no damage. Your squeeze misses the ice beast.
The ice beast is heavily wounded.
The ice beast hits you. The ice beast freezes you.
You slash the ice beast!
The ice beast is severely wounded.
The ice beast completely misses you.
You barely miss the ice beast.
The ice beast is severely wounded.
The ice beast hits you but does no damage.
You hit the ice beast but do no damage. You squeeze the ice beast.
The ice beast is almost dead.
The ice beast hits you.
* * * LOW HITPOINT WARNING * * *
The ice beast freezes you!
You die...

#..####### #
#÷.†....###... ##
#.)###>...... .. .
#..###..###.. )# ..
.....#..# #.#####.##..
........# #.##......
#.......###.##.##.#
##....####........##.#
#.<..# #......@....#
#....# #.###.#Y###.#
##....# #.# #.#.#
##....####.###.#.#
##....##.....#.#.#
.............#.#.#
.............#.#..
.............#.###
#.....##.....#.# ..


You could see an ice beast.

Vanquished Creatures
  3 adders
  2 worms (D:2)
  4 dart slugs
  6 endoplasms
  6 giant cockroaches
  3 goblins
  4 hobgoblins (D:1)
  10 jackals
  5 kobolds
  3 quokkas (D:1)
  6 ball pythons
  3 bats
  4 frilled lizards
  6 rats
65 creatures vanquished.

Notes
Turn   | Place    | Note
-------+----------+-------------------------------------------
     0 | D:1      | Redcow54321 the Octopode Fighter began the quest for the
                  | Orb.
     0 | D:1      | Reached XP level 1. HP: 16/16 MP: 1/1
    45 | D:1      | Reached XP level 2. HP: 3/21 MP: 2/2
   446 | D:1      | Reached skill level 3 in Long Blades
   738 | D:1      | Reached XP level 3. HP: 13/26 MP: 3/3
   738 | D:1      | Found a faded altar of an unknown god.
  1247 | D:1      | Reached skill level 1 in Stealth
  1910 | D:2      | Reached skill level 4 in Long Blades
  1910 | D:2      | Reached XP level 4. HP: 25/31 MP: 4/4
  3626 | D:3      | Noticed an ice beast
  3640 | D:3      | Slain by an ice beast

Illustrated notes

Levels and vault maps discovered:
D:1:      nicolae_arrival_memento_mori, layout_basic,
          hellmonk_ecumenical_altar_crossroads
D:2:      layout_basic, minmay_pentomino_s4
D:3:      layout_loops_cross, grunt_ministairs_5, st_stairs_12,
          bh_walls_and_bars

Skill      XL: |  1  2  3  4 |
---------------+-------------+-----
Long Blades    | 3 4 |  4.5
Stealth        | 1 2 |  2.4
Fighting       | |  3.0
Dodging        | |  3.0
Shields        | |  3.0

Action                   |  1- 3 |  4- 6 || total
-------------------------+-------+-------++-------
Melee: Long sword        |    79 |    57 ||   136
       Tentacles         |    12 |     7 ||    19
       Constrict         |    22 |    12 ||    34
 Stab: Sleeping          |     9 |     6 ||    15
Armor: Skin              |     8 |     3 ||    11
Dodge: Dodged            |    63 |    37 ||   100
Block: Buckler           |    16 |     8 ||    24

Table legend: (Time is in decaauts)
 A = Elapsed time spent in this place.
 B = Non-inter-level travel time spent in this place.
 C = Inter-level travel time spent in this place.
 D = Time resting spent in this place.
 E = Time spent auto-exploring this place.
 F = Levels seen in this place.
 G = Mean time per level.
                   A        B        C        D        E       F      G
               +--------+--------+--------+--------+--------+-----+--------+
         Total |   3670 |   3590 |     80 |      0 |   3126 |   3 | 1223.3 |
       Dungeon |   3670 |   3590 |     80 |      0 |   3126 |   3 | 1223.3 |
               +--------+--------+--------+--------+--------+-----+--------+

Top non-repeatable levels by time:
     D:1: 1522 daAuts
     D:2: 1282 daAuts
     D:3: 865 daAuts
